 Dungeon Crawl Stone Soup version 0.23-b1-13-gf37ab262a9 (webtiles) character file.

Game seed: 8463162466065188009

381892 KamiKatze the Wrestler (level 22, -6/195 HPs)
             Began as a Ghoul Monk on Feb 1, 2019.
             Was the Champion of Ru.
             Mangled by a juggernaut (25 damage)
             ... on level 2 of the Depths on Feb 2, 2019.
             The game lasted 05:05:19 (51303 turns).

KamiKatze the Wrestler (Ghoul Monk)                Turns: 51303, Time: 05:05:20

Health: -6/195     AC: 23    Str: 27    XL:     22   Next: 90%
Magic:  23/23      EV: 14    Int: 14    God:    Ru [******]
Gold:   3460       SH: 21    Dex:  9    Spells: 21/21 levels left

rFire    + + .     SeeInvis +     - Unarmed
rCold    + + .     Gourm    .   L - +2 shield of Resistance {rF+ rC+ MR+}
rNeg     + + +     Faith    .   U - +2 chain mail of the Trombone {Str+2 Int+3 SInv}
rPois    ∞         Spirit   .   o - +1 helmet
rElec    .         Reflect  +   F - +2 cloak {+Inv}
rCorr    .         Harm     .   (no gloves)
MR       +++..                  g - +1 pair of boots of Thoughtfulness {rPois Int+6 SInv}
Stlth    ..........             z - +5 amulet of reflection
HPRegen  0.00/turn              y - ring of protection from magic
MPRegen  0.18/turn              N - ring of protection from fire

@: rotting
A: rotting body, claws 1, carnivore, clumsy 1, cold resistance 1, negative
energy resistance 3, screaming 2, inhibited regeneration, torment resistance,
unbreathing, no potion heal 1, no stealth, hated by all, no poison magic, no
translocations magic, no transmutations magic, unskilled 1
}: 2/15 runes: decaying, serpentine
a: Draw Out Power, Power Leap, Apocalypse, Renounce Religion, Evoke Invisibility


You were on level 2 of the Depths.
You worshipped Ru.
Ru was exalted by your worship.
You were not hungry.

You visited 9 branches of the dungeon, and saw 39 of its levels.
You also visited: Bailey and Wizlab.

You collected 5029 gold pieces.
You spent 1569 gold pieces at shops.

Inventory:

Missiles
 r - 29 tomahawks (quivered)
 P - a throwing net
 R - 3 javelins
Armour
 g - the +1 pair of boots of Thoughtfulness (worn) {rPois Int+6 SInv}
   (You bought it in a shop on level 2 of the Orcish Mines)

   It affects your intelligence (+6).
   It protects you from poison.
   It lets you see invisible.
 o - a +1 helmet (worn)
 F - a +2 cloak of invisibility (worn)
 L - the +2 shield of Resistance (worn) {rF+ rC+ MR+}
   (You bought it in a shop on level 9 of the Dungeon)

   It protects you from fire.
   It protects you from cold.
   It affects your resistance to hostile enchantments.
 U - the +2 chain mail of the Trombone (worn) {Str+2 Int+3 SInv}
   (You bought it in a shop on level 1 of the Snake Pit)

   It affects your strength (+2).
   It affects your intelligence (+3).
   It lets you see invisible.
Jewellery
 m - a +3 ring of evasion
 n - an uncursed ring of protection from cold
 y - a ring of protection from magic (left claw)
 z - a +5 amulet of reflection (around neck)
 N - a ring of protection from fire (right claw)
Wands
 a - a wand of digging (3)
 i - a wand of polymorph (22)
 u - a wand of iceblast (33)
 v - a wand of flame (64)
 A - a wand of acid (40)
 E - a wand of scattershot (8)
 S - a wand of clouds (7)
 W - a wand of disintegration (21)
Scrolls
 e - a scroll of enchant weapon
 h - 5 scrolls of fog
 l - 10 scrolls of blinking
 w - 3 scrolls of magic mapping
 x - 13 scrolls of remove curse
 I - 11 scrolls of identify
 K - 10 scrolls of teleportation
 M - 2 scrolls of torment
 T - 2 scrolls of fear
Potions
 c - 3 potions of resistance
 d - a potion of agility
 f - 23 potions of curing
 j - 4 potions of might
 p - 7 potions of heal wounds
 q - 3 potions of ambrosia
 s - a potion of invisibility
 C - 5 potions of flight
 D - 3 potions of haste
 J - 3 potions of cancellation
Comestibles
 b - 62 rations


   Skills:
 + Level 16.1 Fighting
 + Level 13.7 Armour
 - Level 13.5 Dodging
 - Level 15.0 Shields
 * Level 21.4 Unarmed Combat
 - Level 3.0 Evocations


You had 21 spell levels left.
You didn't know any spells.
Your spell library contained the following spells:

 Spells                   Type           Power        Failure   Level  Hunger
 Confusing Touch          Hex            #.....       73%         1    ##.....
 Corona                   Hex            #......      73%         1    ##.....
 Freeze                   Ice            #...         73%         1    ##.....
 Magic Dart               Conj           #...         73%         1    ##.....
 Pain                     Necr           #...         73%         1    ##.....
 Corpse Rot               Necr           N/A          86%         2    ###....
 Ensorcelled Hibernation  Hex/Ice        #.....       86%         2    ###....
 Searing Ray              Conj           #.....       86%         2    ###....
 Throw Frost              Conj/Ice       #.....       86%         2    ###....
 Confuse                  Hex            #.......     97%         3    ####...
 Dazzling Spray           Conj/Hex       #.....       97%         3    ####...
 Ozocubu's Armour         Chrm/Ice       #.......     97%         3    ####...
 Regeneration             Chrm/Necr      #.........   97%         3    ####...
 Static Discharge         Conj/Air       #.......     97%         3    ####...
 Tukima's Dance           Hex            #.......     97%         3    ####...
 Vampiric Draining        Necr           #.........   97%         3    ####...
 Fulminant Prism          Conj/Hex       #.........   100%        4    #####..
 Iskenderun's Mystic Bla  Conj           #.......     100%        4    #####..
 Throw Icicle             Conj/Ice       #.......     100%        4    #####..
 Agony                    Necr           #.......     100%        5    ######.
 Bolt of Draining         Conj/Necr      #.........   100%        5    ######.
 Dispel Undead            Necr           #.......     100%        5    ######.
 Excruciating Wounds      Chrm/Necr      #.........   100%        5    ######.
 Lightning Bolt           Conj/Air       #.........   100%        5    ######.
 Metabolic Englaciation   Hex/Ice        #.........   100%        5    ######.
 Ignition                 Fire           #.........   100%        8    #######
 Shatter                  Erth           #.........   100%        9    #######
 Tornado                  Air            #.........   100%        9    #######
 Animate Skeleton         Necr           Unusable     N/A         1    N/A
 Apportation              Tloc           Unusable     N/A         1    N/A
 Beastly Appendage        Tmut           Unusable     N/A         1    N/A
 Summon Small Mammal      Summ           Unusable     N/A         1    N/A
 Call Imp                 Summ           Unusable     N/A         2    N/A
 Sticks to Snakes         Tmut           Unusable     N/A         2    N/A
 Sublimation of Blood     Necr           Unusable     N/A         2    N/A
 Call Canine Familiar     Summ           Unusable     N/A         3    N/A
 Gell's Gravitas          Tloc           Unusable     N/A         3    N/A
 Portal Projectile        Hex/Tloc       Unusable     N/A         3    N/A
 Spider Form              Tmut/Pois      Unusable     N/A         3    N/A
 Summon Guardian Golem    Hex/Summ       Unusable     N/A         3    N/A
 Teleport Other           Tloc           Unusable     N/A         3    N/A
 Animate Dead             Necr           Unusable     N/A         4    N/A
 Force Lance              Conj/Tloc      Unusable     N/A         4    N/A
 Ice Form                 Ice/Tmut       Unusable     N/A         4    N/A
 Petrify                  Tmut/Erth      Unusable     N/A         4    N/A
 Summon Ice Beast         Ice/Summ       Unusable     N/A         4    N/A
 Summon Lightning Spire   Summ/Air       Unusable     N/A         4    N/A
 Blade Hands              Tmut           Unusable     N/A         5    N/A
 Yara's Violent Unravell  Hex/Tmut       Unusable     N/A         5    N/A
 Death Channel            Necr           Unusable     N/A         6    N/A
 Disjunction              Tloc           Unusable     N/A         8    N/A

Dungeon Overview and Level Annotations

Branches:
Dungeon (15/15)            Temple (1/1) D:4            Lair (6/6) D:11
  Swamp (4/4) Lair:2        Snake (4/4) Lair:4        Slime (0/5) Lair:6
    Orc (2/2) D:9             Elf (1/3) Orc:2        Vaults (4/5) D:14
  Crypt (0/3) Vaults:3     Depths (2/5) D:15

Altars:
Ashenzari
Cheibriados
Dithmenos
Elyvilon
Fedhas
Gozag
Hepliaklqana
Kikubaaqudgha
Makhleb
Nemelex Xobeh
Okawaru
Qazlal
Ru
Sif Muna
Trog
Uskayaw
Vehumet
Wu Jian
Xom
Yredelemnul
Zin
The Shining One

Shops:
D:7 (   D:9 [   Orc:2 %![*   Snake:1 (?}[   Snake:3 *   Vaults:2 !   Vaults:4 (

Portals:
Hell: Lair:6 Depths:1
Pandemonium: Depths:1

Annotations:
D:6 exclusion: statue
D:8 3 runed translucent doors, Goblin1989's ghost, novice DDFi
D:10 1 runed translucent door, tidbits's ghost, novice GnTm
Lair:1 3 runed translucent doors, Bukhlaj's ghost, journeyman HOFi
Lair:2 exclusion: oklob plant
Lair:4 3 runed translucent doors, Forgol's ghost, journeyman DDFi
Snake:1 exclusion: Roxanne, Roxanne
Snake:3 2 runed translucent doors, Kicir's ghost, adept GnFi
Depths:1 3 runed translucent doors


Innate Abilities, Weirdness & Mutations

Your body is rotting away.
You thrive on raw meat.
You are immune to poison.
You have sharp fingernails.
You are carnivorous and can eat meat at any time.
You are clumsy. (Dex -2)
Your flesh is cold resistant. (rC+)
You are immune to negative energy. (rN+++)
You sometimes yell uncontrollably at your foes.
You do not regenerate when monsters are visible.
You are immune to unholy pain and torment.
You can survive without breathing.
Potions are less effective at restoring your health.
You cannot be stealthy.
You are hated by all.
You cannot study or cast Poison magic.
You cannot study or cast Translocations magic.
You cannot study or cast Transmutations magic.
You are somewhat unskilled. (-1 Apt)


Message History

The tengu warrior throws a stone.
The stone completely misses you.
The tengu warrior throws a stone.
The stone hits you.
You focus your will and illuminate the tengu warrior in retribution!
You see here a stone.
The tengu warrior throws a stone.
You reflect the stone off an invisible shield around you!
The stone closely misses the tengu warrior.
You hear a sizzling splash.
The tengu warrior throws a stone.
You reflect the stone off an invisible shield around you!
The stone hits the tengu warrior.
The tengu warrior throws a stone.
The stone barely misses you.
You see here 2 stones.
Okay, then.
A juggernaut comes into view.
The juggernaut shouts!
The juggernaut hits you!!!
* * * LOW HITPOINT WARNING * * *
The juggernaut hits you!!
You die...

###### ..§≈≈# ....≈# ### .....#
#.## .§§§.# ############ #..##
..§..###8#8#88#8#8###.8.#####
..≈..#..............#.......#
..≈..'.(..Q.4...@C..'....[<.#
..§.)([.(.Q.(......)[[....[.#
..≈.(#(...((........#)..⌠...##
.≈≈..###8#8#88#8#8###........##
(Q...# ############
#.>.....8.## .(..##
#..........# ...Q# #####''#####
(..('.. ##....## ...''....
#8....8#


You could see a juggernaut, 2 tengu warriors and a red devil.

Vanquished Creatures
  An ancient lich (WizLab)
  Margery (Vaults:4)
  A tentacled monstrosity (Depths:2)
  Rupert (D:15)
  A quicksilver dragon (Depths:1)
  Asterion (Vaults:3)
  An ancient champion (WizLab)
  Kirke (Elf:1)
  A thorn hunter (Swamp:3)
  A shadow dragon (Vaults:3)
  6 nagarajas (Snake:4)
  An orc warlord (Bailey)
  3 fire giants
  6 vault wardens
  A deep elf sorcerer (Vaults:1)
  6 frost giants
  Louise (Snake:2)
  9 ironheart preservers
  3 stone giants
  A war gargoyle (Depths:2)
  A very ugly thing (Swamp:4)
  2 entropy weavers (Vaults:4)
  2 vampire knights (Depths:2)
  Nessos (Lair:5)
  A deep elf demonologist (Elf:1)
  A dire elephant (Lair:6)
  An ettin (Depths:1)
  2 green deaths (Swamp:4)
  5 fire dragons
  A blizzard demon (Depths:2)
  A death ooze (Swamp:4)
  10 ogre magi
  2 deep elf high priests (Depths:2)
  2 jiangshi (Depths:2)
  3 great orbs of eyes
  23 hydras
  4 hell beasts
  Harold (D:11)
  13 vault guards
  8 yaktaur captains
  5 rakshasas
  7 ice dragons
  14 naga warriors
  5 centaur warriors
  A catoblepas (Lair:4)
  17 anacondas
  3 shambling mangroves
  2 death knights
  13 alligators
  3 deep troll shamans
  2 ghost crabs
  31 two-headed ogres
  A two-headed ogre (shapeshifter) (Vaults:2)
  4 tengu warriors
  A death yak (Lair:6)
  4 deep troll earth magi (Depths:2)
  2 vampire magi
  2 thrashing horrors (Swamp:4)
  A dancing weapon (Elf:1)
  4 orc high priests
  5 spriggan berserkers (Depths:2)
  20 naga sharpshooters
  Nergalle (D:11)
  11 shock serpents
  3 sun demons
  8 deep elf knights
  3 hell knights (Vaults:4)
  2 salamander mystics (Snake:2)
  3 sea snakes (Snake:4)
  A quicksilver dragon simulacrum (Depths:2)
  16 deep trolls
  3 unseen horrors
  17 skeletal warriors
  11 naga ritualists
  9 swamp dragons
  2 deep elf archers (Elf:1)
  4 wizards
  A flayed ghost (Vaults:2)
  2 spriggan druids
  14 deep elf magi
  A necromancer (Vaults:4)
  Pikel (D:5)
  A phantasmal warrior (Vaults:2)
  9 ironbrand convokers
  16 orc knights
  5 harpies
  A wolf spider (Vaults:1)
  12 mana vipers
  An orb spider (shapeshifter) (Vaults:3)
  8 salamanders
  37 ugly things
  5 orc sorcerers
  An oklob plant (Lair:3)
  A salamander (shapeshifter) (Vaults:2)
  7 cyclopes
  2 manticores
  24 elephants
  16 guardian serpents
  55 black mambas
  Maurice (D:12)
  Psyche (D:11)
  6 rust devils
  10 vault sentinels
  21 naga magi
  2 centaur zombies
  20 spiny frogs
  A smoke demon (Lair:6)
  4 orange demons
  2 gargoyles
  4 centaur skeletons
  A torpor snail (Lair:5)
  A kobold demonologist (D:11)
  14 komodo dragons
  4 rime drakes
  8 freezing wraiths
  31 yaktaurs
  2 ice devils (Lair:6)
  A troll (shapeshifter) (Vaults:2)
  5 tengu conjurers
  5 trolls
  3 meliai
  A jumping spider (Vaults:4)
  A polar bear (Lair:6)
  2 red devils
  6 tyrant leeches
  12 hornets
  A tengu simulacrum (Depths:1)
  6 hippogriffs
  10 bog bodies
  7 blink frogs
  4 dream sheep
  A deep troll zombie (Depths:1)
  A raiju (shapeshifter) (Vaults:4)
  33 slime creatures
  2 redbacks (Vaults:4)
  6 spriggans
  A spriggan (shapeshifter) (Vaults:2)
  5 vampires
  6 shadows
  An air elemental (Elf:1)
  3 wyverns
  2 wraiths
  A fire elemental (Elf:1)
  46 yaks
  6 hogs
  6 humans
  2 basilisks
  3 hungry ghosts
  Eustachio (D:5)
  17 vampire mosquitoes
  18 swamp worms
  A steam dragon (Lair:5)
  4 wargs
  52 nagas
  Menkaure (D:7)
  2 two-headed ogre zombies
  3 acid dragons
  Edmund (D:5)
  A soldier ant (D:12)
  A soldier ant (shapeshifter) (D:13)
  9 porcupines
  5 hell hounds (Lair:6)
  A large abomination (Swamp:4)
  22 water moccasins
  Duvessa (D:7)
  46 orc warriors
  3 sky beasts
  3 black bears
  A phantom (D:9)
  13 ice beasts
  An eye of draining (shapeshifter) (Vaults:3)
  11 swamp drakes
  A black bear (shapeshifter) (Vaults:4)
  An eye of draining (D:14)
  24 ogres
  4 ettin simulacra (Depths:2)
  18 centaurs
  8 boggarts
  9 wolves
  16 crocodiles
  2 big kobolds
  An earth elemental (Elf:1)
  23 bullfrogs
  A water moccasin zombie (D:6)
  A wyvern skeleton (D:14)
  Dowan (D:7)
  4 scorpions
  7 killer bees
  14 troll zombies
  5 wights (WizLab)
  6 crimson imps
  4 howler monkeys
  2 quasits
  4 hounds
  Crazy Yiuf (D:7)
  2 jellies
  17 orc priests
  20 orc wizards
  2 bullfrog skeletons
  A gnoll shaman (Orc:2)
  Ijyb (D:4)
  8 iguanas
  8 worker ants
  A killer bee zombie (D:6)
  8 ogre zombies
  A hound zombie (D:8)
  Robin (D:3)
  16 adders
  23 gnolls
  A howler monkey skeleton (D:6)
  A shadow imp (D:6)
  3 oozes
  An adder zombie (D:10)
  5 worms
  7 leopard geckos
  89 orcs
  3 giant cockroaches (D:1)
  41 goblins
  24 hobgoblins
  17 jackals
  4 quokkas
  5 ball pythons
  3 bats
  8 frilled lizards
  A hobgoblin skeleton (D:9)
  3 hobgoblin zombies (D:9)
  20 kobolds
  2 orc skeletons (D:9)
  19 orc zombies (D:9)
  11 rats
  2 bushes
1668 creatures vanquished.

Vanquished Creatures (others)
  A vault warden (Vaults:2)
  A naga warrior (Snake:4)
  An alligator (Swamp:3)
  2 two-headed ogres
  A centaur warrior (Vaults:1)
  2 dancing weapons (Elf:1)
  Urug (Lair:1)
  2 naga sharpshooters
  Sonja (Orc:1)
  A sea snake (Snake:4)
  An unseen horror (D:15)
  A swamp dragon (Swamp:3)
  A naga ritualist (Snake:2)
  A spriggan druid (Swamp:3)
  2 deep elf magi (Elf:1)
  A mana viper (Snake:4)
  3 ugly things
  3 salamanders (Snake:2)
  3 cyclopes
  A manticore (D:11)
  3 black mambas
  A guardian serpent (Snake:4)
  A naga mage (Snake:3)
  A rust devil (Depths:2)
  A gargoyle (D:15)
  A spiny frog (Swamp:3)
  A rime drake (shapeshifter) (Vaults:3)
  2 yaktaurs
  A troll (Orc:1)
  A slime creature (D:12)
  An air elemental (Elf:1)
  A fire elemental (Elf:1)
  A naga (Snake:2)
  3 orc warriors
  A slave (D:5)
  3 ogres
  3 centaurs
  A crocodile (Lair:1)
  2 bullfrogs
  A gnoll (Bailey)
  5 orcs
  A hobgoblin (Bailey)
  A kobold (D:10)
  8 fungi
  11 plants
  4 toadstools (D:5)
90 creatures vanquished.

Grand Total: 1758 creatures vanquished

Notes
Turn   | Place    | Note
-------+----------+-------------------------------------------
     0 | D:1      | KamiKatze the Ghoul Monk began the quest for the Orb.
     0 | D:1      | Reached XP level 1. HP: 19/19 MP: 0/0
    77 | D:1      | Reached XP level 2. HP: 17/26 MP: 1/1
   398 | D:1      | Reached XP level 3. HP: 20/30 MP: 2/2
   618 | D:1      | Reached skill level 1 in Armour
  1019 | D:2      | Reached skill level 4 in Unarmed Combat
  1167 | D:2      | Reached XP level 4. HP: 40/40 MP: 3/3
  1177 | D:2      | Found an opulent altar of Gozag.
  1612 | D:2      | Found a shimmering altar of Xom.
  1673 | D:3      | Noticed Robin
  1793 | D:3      | Killed Robin
  1796 | D:3      | Reached XP level 5. HP: 31/46 MP: 4/4
  2065 | D:3      | Noticed a big kobold
  2115 | D:3      | Killed a big kobold
  2115 | D:3      | Reached skill level 1 in Shields
  2115 | D:3      | Reached skill level 5 in Unarmed Combat
  2348 | D:3      | Reached XP level 6. HP: 52/52 MP: 5/5
  2909 | D:4      | Noticed a sky beast
  2918 | D:4      | Killed a sky beast
  2927 | D:4      | Found a staircase to the Ecumenical Temple.
  2975 | Temple   | Entered the Ecumenical Temple
  3065 | D:4      | Found a glowing golden altar of the Shining One.
  3081 | D:4      | Found an iron altar of Okawaru.
  3100 | D:4      | Found a white marble altar of Elyvilon.
  3310 | D:4      | Noticed Ijyb
  3354 | D:4      | Killed Ijyb
  3477 | D:4      | Reached XP level 7. HP: 53/60 MP: 6/6
  3489 | D:4      | Found a sacrificial altar of Ru.
  3492 | D:4      | Became a worshipper of Ru the Awakened
  3496 | D:4      | Gained mutation: You cannot study or cast Poison magic. [Ru
                  | sacrifice]
  3496 | D:4      | Gained mutation: You cannot study or cast Transmutations
                  | magic. [Ru sacrifice]
  3496 | D:4      | Gained mutation: You cannot study or cast Translocations
                  | magic. [Ru sacrifice]
  3496 | D:4      | Reached * piety under Ru
  3535 | D:4      | Found a stormy altar of Qazlal.
  3720 | D:5      | Entered Level 5 of the Dungeon
  3911 | D:5      | Reached skill level 6 in Unarmed Combat
  4503 | D:5      | Noticed Edmund
  4512 | D:5      | Killed Edmund
  4512 | D:5      | Reached skill level 5 in Fighting
  4512 | D:5      | Reached skill level 1 in Evocations
  4792 | D:6      | Found a hazy altar of Hepliaklqana.
  4800 | D:6      | Found an ornate altar of the Wu Jian Council.
  4862 | D:6      | Reached XP level 8. HP: 68/68 MP: 6/8
  4904 | D:6      | Noticed Eustachio
  5138 | D:5      | Killed Eustachio
  5157 | D:5      | Reached skill level 7 in Unarmed Combat
  5331 | D:6      | Found a radiant altar of Vehumet.
  5464 | D:6      | Noticed Pikel
  5512 | D:5      | Killed Pikel
  5512 | D:5      | Reached skill level 5 in Dodging
  5512 | D:5      | Reached skill level 8 in Unarmed Combat
  5512 | D:5      | Reached XP level 9. HP: 44/75 MP: 9/9
  5791 | D:7      | Noticed Duvessa
  5791 | D:7      | Noticed Dowan
  5808 | D:7      | Killed Duvessa
  5828 | D:7      | Killed Dowan
  6027 | D:7      | Gained mutation: You are clumsy. (Dex -2) [Ru sacrifice]
  6065 | D:7      | Found Dimpoll's Antique Weapon Shoppe.
  6066 | D:7      | Noticed Menkaure
  6074 | D:7      | Killed Menkaure
  6144 | D:7      | Reached skill level 9 in Unarmed Combat
  6217 | D:7      | Found a runed translucent door.
  6218 | D:7      | Noticed Crazy Yiuf
  6224 | D:7      | Killed Crazy Yiuf
  6466 | D:8      | Reached XP level 10. HP: 73/84 MP: 10/10
  6799 | D:8      | Found a runed translucent gate.
  6800 | D:8      | Found a runed translucent gate.
  6800 | D:8      | Found a runed translucent gate.
  6802 | D:8      | Noticed Goblin1989's ghost (novice DDFi)
  6829 | D:8      | Reached skill level 5 in Armour
  7162 | D:8      | Found a sparkling altar of Nemelex Xobeh.
  7615 | D:9      | Found a staircase to the Orcish Mines.
  7721 | D:9      | Reached skill level 10 in Unarmed Combat
  7748 | D:9      | Reached skill level 5 in Shields
  8538 | D:9      | Found Puluf's Armour Shoppe.
  8572 | D:9      | Bought the +2 shield of Resistance {rF+ rC+ MR+} for 575
                  | gold pieces
  8572 | D:9      | Found the +2 shield of Resistance {rF+ rC+ MR+}
  8668 | D:9      | Found a bloodstained altar of Trog.
  8669 | D:9      | Found an iron altar of Okawaru.
  8761 | D:9      | Reached XP level 11. HP: 78/94 MP: 11/11
  9011 | D:10     | Entered Level 10 of the Dungeon
  9080 | D:10     | Reached skill level 11 in Unarmed Combat
  9135 | D:10     | Found a flagged portal.
  9156 | Bailey   | Entered a bailey
  9769 | Bailey   | Noticed an orc knight
  9804 | Bailey   | Killed an orc knight
  9824 | Bailey   | Noticed an orc knight
  9844 | Bailey   | Killed an orc knight
  9973 | Bailey   | Noticed an orc knight
 10006 | Bailey   | Killed an orc knight
 10026 | Bailey   | Noticed an orc warlord
 10096 | Bailey   | Killed an orc warlord
 10434 | D:10     | Noticed a two-headed ogre
 10669 | D:9      | Noticed an unseen horror
 10680 | D:9      | Killed an unseen horror
 10680 | D:9      | Reached skill level 12 in Unarmed Combat
 10790 | D:10     | Killed a two-headed ogre
 11098 | D:10     | Found a runed translucent door.
 11099 | D:10     | Noticed tidbits's ghost (novice GnTm)
 11343 | D:11     | Noticed a cyclops
 11369 | D:11     | Reached XP level 12. HP: 87/102 MP: 12/12
 11440 | D:11     | Noticed Harold
 11540 | D:11     | Killed Harold
 11669 | D:11     | Noticed Psyche
 11684 | D:11     | Noticed Nergalle
 11700 | D:11     | Killed Nergalle
 11779 | D:11     | Killed Psyche
 12088 | D:11     | Identified 2 scrolls of acquirement
 12287 | D:11     | Found a staircase to the Lair.
 12505 | Lair:1   | Entered Level 1 of the Lair of Beasts
 12537 | D:12     | Gained mutation: You are hated by all. [Ru sacrifice]
 12537 | D:12     | Reached ** piety under Ru
 12537 | D:12     | Reached *** piety under Ru
 12674 | D:12     | Noticed a four-headed hydra
 12686 | D:12     | Killed a four-headed hydra
 12686 | D:12     | Reached skill level 13 in Unarmed Combat
 12861 | D:12     | Noticed Maurice
 13087 | D:11     | Reached skill level 10 in Fighting
 13181 | Lair:1   | Reached XP level 13. HP: 87/113 MP: 13/13
 13669 | Lair:1   | Found a runed translucent gate.
 13670 | Lair:1   | Found a runed translucent gate.
 13671 | Lair:1   | Found a runed translucent gate.
 13671 | Lair:1   | Noticed a minotaur
 13674 | Lair:1   | Noticed Bukhlaj's ghost (journeyman HOFi)
 13695 | Lair:1   | Noticed Urug
 13707 | Lair:1   | Killed Urug
 14210 | Lair:2   | Found a staircase to the Swamp.
 14430 | Lair:2   | Gained mutation: You are somewhat unskilled. (-1 Apt) [Ru
                  | sacrifice]
 14430 | Lair:2   | Reduced skill Unarmed Combat to level 12
 14430 | Lair:2   | Reduced skill Evocations to level 1
 14430 | Lair:2   | Reached **** piety under Ru
 15172 | Lair:3   | Reached skill level 13 in Unarmed Combat
 16395 | Lair:4   | Reached skill level 10 in Fighting
 16399 | Lair:4   | Gained mutation: You cannot be stealthy. [Ru sacrifice]
 16399 | Lair:4   | Reached ***** piety under Ru
 16551 | Lair:4   | Found a runed translucent gate.
 16551 | Lair:4   | Found a runed translucent gate.
 16551 | Lair:4   | Found a runed translucent gate.
 16551 | Lair:4   | Noticed Forgol's ghost (journeyman DDFi)
 16658 | Lair:4   | Found a staircase to the Snake Pit.
 16745 | Lair:4   | Reached XP level 14. HP: 121/121 MP: 15/15
 17349 | Lair:5   | Noticed Nessos
 17362 | Lair:5   | Killed Nessos
 17747 | Lair:5   | You fall through a shaft!
 17747 | Lair:6   | Entered Level 6 of the Lair of Beasts
 17747 | Lair:6   | Found a burning altar of Makhleb.
 18206 | Lair:5   | Reached skill level 14 in Unarmed Combat
 18743 | Lair:6   | Reached skill level 10 in Shields
 19000 | Orc:1    | Entered Level 1 of the Orcish Mines
 19051 | Orc:1    | Noticed Sonja
 19069 | Orc:1    | Killed Sonja
 19385 | Orc:2    | Entered Level 2 of the Orcish Mines
 19659 | Orc:2    | Found a staircase to the Elven Halls.
 20527 | Orc:2    | Reached XP level 15. HP: 93/128 MP: 16/16
 20874 | Orc:2    | Found Neut's Food Shoppe.
 20874 | Orc:2    | Found Vairug's Distillery.
 20888 | Orc:2    | Found Rownax's Antique Armour Shoppe.
 20888 | Orc:2    | Found Tudghila's Assorted Antiques.
 20907 | Orc:2    | Bought a ruby potion for 30 gold pieces
 20910 | Orc:2    | Reached XP level 16. HP: 136/136 MP: 17/17
 20913 | Orc:2    | Bought a potion of heal wounds for 70 gold pieces
 20916 | Orc:2    | Bought a pair of scorched boots for 256 gold pieces
 20924 | Orc:2    | Identified the +1 pair of boots of Thoughtfulness {rPois
                  | Int+6 SInv} (You bought it in a shop on level 2 of the
                  | Orcish Mines)
 20969 | Orc:2    | Bought a potion of might for 56 gold pieces
 21321 | D:12     | Killed Maurice
 23391 | D:14     | Found a gate to the Vaults.
 23437 | D:14     | Reached skill level 15 in Unarmed Combat
 23816 | D:14     | Found a glowing golden altar of the Shining One.
 24037 | D:15     | Entered Level 15 of the Dungeon
 24218 | D:15     | Found a staircase to the Depths.
 24460 | D:15     | Noticed Rupert
 24485 | D:15     | Killed Rupert
 25707 | D:15     | Reached XP level 17. HP: 111/145 MP: 18/18
 25890 | D:15     | Reached skill level 10 in Dodging
 26570 | Lair:6   | Found a staircase to the Slime Pits.
 27364 | Lair:6   | Found a gateway to Hell.
 27616 | Swamp:1  | Entered Level 1 of the Swamp
 28456 | Swamp:1  | Reached skill level 16 in Unarmed Combat
 28821 | Swamp:2  | Reached skill level 10 in Armour
 30700 | Swamp:4  | Entered Level 4 of the Swamp
 30908 | Swamp:4  | Reached XP level 18. HP: 131/155 MP: 19/19
 32498 | Swamp:4  | Got a decaying rune of Zot
 32739 | Snake:1  | Entered Level 1 of the Snake Pit
 32914 | Snake:1  | Gained mutation: You occasionally shout uncontrollably at
                  | your foes. [Ru sacrifice]
 33358 | Snake:1  | Reached skill level 17 in Unarmed Combat
 33750 | Snake:1  | Found Xouloef's Magic Scroll Shop.
 33776 | Snake:1  | Found Onlaihi's Antique Armour Boutique.
 33776 | Snake:1  | Found Maaclyso's Weapon Shop.
 33779 | Snake:1  | Found Ruihyl's Gadget Boutique.
 33826 | Snake:1  | Bought a dazzling chain mail for 332 gold pieces
 33836 | Snake:1  | Identified the +2 chain mail of the Trombone {Str+2 Int+3
                  | SInv} (You bought it in a shop on level 1 of the Snake Pit)
 33856 | Snake:1  | Identified Roxanne's Almanac of Changing
 33856 | Snake:1  | Noticed Roxanne
 35357 | Snake:2  | Reached XP level 19. HP: 163/163 MP: 20/20
 35430 | Snake:2  | Noticed Louise
 36181 | Snake:3  | Found a large runed translucent door.
 36181 | Snake:3  | Found a large runed translucent door.
 36530 | Snake:3  | Found Zodeubba's Assorted Antiques.
 36583 | Snake:3  | Bought a vibrating platinum ring for 175 gold pieces
 36583 | Snake:3  | Bought a scroll labeled MUINODW KOUMIZ for 35 gold pieces
 36585 | Snake:3  | Identified the ring of Ackosch {*Slow MR+ Int+5 Dex+2} (You
                  | bought it in a shop on level 3 of the Snake Pit)
 37509 | Snake:3  | Noticed Kicir's ghost (adept GnFi)
 37918 | Snake:4  | Entered Level 4 of the Snake Pit
 38030 | Snake:4  | Got a steaming pewter ring
 38974 | Snake:4  | Reached skill level 18 in Unarmed Combat
 39698 | Snake:4  | Reached XP level 20. HP: 170/173 MP: 21/21
 39760 | Snake:4  | Reached skill level 15 in Shields
 40108 | Snake:4  | Got a serpentine rune of Zot
 40213 | Snake:2  | Killed Louise
 40238 | Snake:2  | Identified the ring "Maplen" {+Inv rPois rC+ MR- Dex+7}
                  | (You found it on level 4 of the Snake Pit)
 40503 | Vaults:1 | Entered Level 1 of the Vaults
 41341 | Vaults:1 | Upgraded the game from 0.23-b1-6-ga921848b48 to
                  | 0.23-b1-13-gf37ab262a9
 42381 | Vaults:1 | Reached skill level 19 in Unarmed Combat
 43089 | Vaults:2 | Found Voitoi's Distillery.
 43101 | Vaults:2 | Bought a potion of might for 40 gold pieces
 43836 | Vaults:2 | Reached XP level 21. HP: 182/182 MP: 22/22
 45702 | Vaults:3 | Noticed Asterion
 45716 | Vaults:3 | Killed Asterion
 46087 | Vaults:3 | Found a staircase to the Crypt.
 46387 | Vaults:4 | Found Rasmon's Antique Weapon Shop.
 46452 | Vaults:4 | Reached skill level 15 in Fighting
 46513 | Vaults:4 | Reached skill level 20 in Unarmed Combat
 46757 | Vaults:4 | Found a magical portal.
 46766 | WizLab   | Entered Zonguldrok's Shrine
 47020 | WizLab   | Noticed an antique lich
 47031 | WizLab   | Killed an antique lich
 47033 | WizLab   | Gained mutation: Potions are less effective at restoring
                  | your health. [Ru sacrifice]
 47036 | WizLab   | Found the +9 sword of Zonguldrok {reap}
 47365 | Vaults:4 | Reached XP level 22. HP: 169/192 MP: 23/23
 47820 | Vaults:4 | Noticed Margery
 47849 | Vaults:4 | Killed Margery
 48581 | Elf:1    | Entered Level 1 of the Elven Halls
 48746 | Elf:1    | Noticed Kirke
 48778 | Elf:1    | Killed Kirke
 48820 | Elf:1    | Found a deep blue altar of Sif Muna.
 49203 | Depths:1 | Entered Level 1 of the Depths
 49354 | Depths:1 | Found a one-way gate leading to the halls of Pandemonium.
 49387 | Depths:1 | Gained mutation: You sometimes yell uncontrollably at your
                  | foes. [Ru sacrifice]
 49387 | Depths:1 | Reached ****** piety under Ru
 49418 | Depths:1 | Identified the Catalogue of Cheese
 49738 | Depths:1 | Found a runed translucent gate.
 49738 | Depths:1 | Found a runed translucent gate.
 49738 | Depths:1 | Found a runed translucent gate.
 50127 | Depths:2 | Reached skill level 21 in Unarmed Combat
 50465 | Depths:2 | Found an ornate altar of the Wu Jian Council.
 51244 | Depths:2 | Found a radiant altar of Vehumet.
 51301 | Depths:2 | Noticed a juggernaut
 51303 | Depths:2 | Mangled by a juggernaut

Skill      XL: |  1  2  3  4  5  6  7  8  9 10 11 12 13 14 15 16 17 18 19 20 21 22 |
---------------+-------------------------------------------------------------------+-----
Dodging        | 3 4 5 6 7 8 8 9 10 11 12 13 | 13.5
Armour         | 1 2 4 5 7 7 8 9 10 11 12 13 | 13.7
Unarmed Combat | 4 5 6 8 9 10 12 13 13 14 15 16 17 18 19 20 21 | 21.4
Fighting       | 4 5 6 8 9 10 10 11 12 13 14 15 16 | 16.1
Shields        | 1 2 3 4 5 6 8 9 10 11 12 13 14 15 | 15.0
Evocations     | 1 2 3 |  3.0
Stealth        | 0 |  0.0

Action                   |  1- 3 |  4- 6 |  7- 9 | 10-12 | 13-15 | 16-18 | 19-21 | 22-24 || total
-------------------------+-------+-------+-------+-------+-------+-------+-------+-------++-------
Melee: Unarmed           |   254 |   307 |   311 |  1141 |  1317 |  2424 |  2269 |   664 ||  8687
       Punch             |     7 |     6 |     8 |     8 |       |       |       |       ||    29
Throw: Stone             |       |     3 |     1 |     8 |     4 |       |     4 |       ||    20
       Tomahawk          |       |       |       |     5 |       |       |     5 |       ||    10
       Javelin           |       |       |       |       |    17 |     8 |     3 |       ||    28
Invok: Sacrifice Arcana  |       |       |     1 |       |       |       |       |       ||     1
       Sacrifice Purity  |       |       |     1 |       |       |     1 |     1 |     1 ||     4
       Reject Sacrifices |       |       |       |     1 |     1 |     2 |     1 |       ||     5
       Sacrifice Love    |       |       |       |     1 |       |       |       |       ||     1
       Sacrifice Stealth |       |       |       |       |     1 |       |       |       ||     1
       Sacrifice Skill   |       |       |       |       |     1 |       |       |       ||     1
       Draw Out Power    |       |       |       |       |       |     2 |     1 |       ||     3
       Power Leap        |       |       |       |       |       |       |     1 |       ||     1
 Abil: Evoke Invisibilit |       |       |       |     1 |       |       |       |       ||     1
Evoke: Wand              |       |       |       |       |    14 |     4 |       |       ||    18
  Use: Scroll            |       |     2 |     8 |    13 |    10 |     3 |     2 |     2 ||    40
       Potion            |       |       |     1 |     4 |     2 |     6 |     1 |     1 ||    15
 Stab: Sleeping          |     5 |     2 |     2 |       |       |       |       |       ||     9
       Distracted        |       |       |     1 |     4 |     8 |    10 |    11 |     4 ||    38
       Invisible         |       |       |       |     4 |    11 |    19 |    25 |     5 ||    64
       Petrifying        |       |       |       |     1 |       |       |       |       ||     1
       Confused          |       |       |       |       |     1 |       |       |       ||     1
       Paralysed         |       |       |       |       |     2 |       |     5 |       ||     7
  Eat: Chunk             |    22 |    51 |    53 |   196 |   195 |   379 |   405 |   108 ||  1409
       Ration            |       |       |       |       |       |     3 |     1 |       ||     4
Armor: Robe              |    11 |     9 |       |       |       |       |       |       ||    20
       Ring mail         |       |    44 |   120 |   129 |       |       |       |       ||   293
       Scale mail        |       |       |       |   136 |       |       |       |       ||   136
       Chain mail        |       |       |       |   120 |   288 |   466 |   375 |   150 ||  1399
Dodge: Dodged            |    81 |   147 |   184 |   443 |   248 |   447 |   430 |   150 ||  2130
Block: Shield            |       |       |       |   481 |   759 |  1641 |  1442 |   510 ||  4833
       Reflection        |       |       |       |       |     5 |    62 |   150 |    19 ||   236
